 Dungeon Crawl Stone Soup version 0.22-a0-538-g76cc104 (webtiles) character file.

5257 Hebeh the Cleaver (level 10, 0/91 HPs)
             Began as a Minotaur Fighter on June 23, 2018.
             Was a Believer of Trog.
             Slain by an orc warrior
             ... wielding a +0 dire flail
              (23 damage)
             ... on level 8 of the Dungeon.
             The game lasted 00:31:51 (7522 turns).

Hebeh the Cleaver (Minotaur Fighter)                Turns: 7522, Time: 00:31:52

Health: 0/91       AC:  9    Str: 25    XL:     10   Next: 36%
Magic:  3/3        EV:  8    Int:  5    God:    Trog [**....]
Gold:   447        SH: 14    Dex:  9    Spells: 9/9 levels left

rFire    . . .     SeeInvis .   p - +2 hand axe (antimagic)
rCold    . . .     Gourm    .   c - +0 shield
rNeg     . . .     Faith    .   b - +0 scale mail
rPois    +         Spirit   .   (helmet restricted)
rElec    .         Reflect  +   J - +0 cloak {rPois}
rCorr    .         Harm     .   (no gloves)
MR       +++..                  (no boots)
Stlth    ..........             o - +3 amulet of reflection
HPRegen  1.25/turn              K - ring of protection from magic
MPRegen  0.08/turn              (no ring)

@: regenerating
A: retaliatory headbutt, horns 2
a: Berserk, Trog's Hand, Renounce Religion


You were on level 8 of the Dungeon.
You worshipped Trog.
Trog was pleased with you.
You were not hungry.

You visited 2 branches of the dungeon, and saw 9 of its levels.
You also visited: Ossuary.

You collected 447 gold pieces.

Inventory:

Hand Weapons
 a - a +0 war axe
 p - a +2 antimagic hand axe (weapon)
 L - a +1 whip of flaming
Missiles
 E - 8 poisoned tomahawks (quivered)
Armour
 b - a +0 scale mail (worn)
 c - a +0 shield (worn)
 j - a +1 cloak
 J - a +0 cloak of poison resistance (worn)
Jewellery
 o - a +3 amulet of reflection (around neck)
 x - an uncursed amulet of the gourmand
 K - a ring of protection from magic (left hand)
Wands
 k - a wand of flame (23)
 w - a wand of acid (6)
 F - a wand of paralysis (12)
 H - a wand of digging (11)
Scrolls
 e - a scroll of magic mapping
 i - a scroll of enchant armour
 l - 2 scrolls of teleportation
 n - a scroll of enchant weapon {unknown}
 q - a scroll of fog {unknown}
 s - 3 scrolls of identify
 t - 7 scrolls of remove curse
 y - 2 scrolls of fear
 I - a scroll of brand weapon {unknown}
Potions
 d - 4 potions of might
 g - 2 potions of haste
 h - 2 potions of curing
 m - a potion of mutation {unknown}
 r - a potion of heal wounds {unknown}
 u - 2 potions of lignification {unknown}
 v - a potion of degeneration {unknown}
 z - a potion of flight {unknown}
 A - a potion of brilliance {unknown}
 B - a potion of invisibility {unknown}
 C - a potion of cancellation {unknown}
Comestibles
 f - 13 rations
 G - 24 chunks of flesh


   Skills:
 + Level 9.1 Fighting
 * Level 11.7 Axes
 + Level 9.1 Armour
 + Level 9.1 Shields


You had 9 spell levels left.
You didn't know any spells.
Your spell library was empty.

Dungeon Overview and Level Annotations

Branches:
Dungeon (8/15)             Temple (1/1) D:7
   Lair: D:8-11

Altars:
Ashenzari
Cheibriados
Dithmenos
Elyvilon
Fedhas
Gozag
Hepliaklqana
Kikubaaqudgha
Makhleb
Nemelex Xobeh
Okawaru
Qazlal
Ru
Sif Muna
Trog
Uskayaw
Vehumet
Wu Jian
Xom
Yredelemnul
Zin
The Shining One


Innate Abilities, Weirdness & Mutations

You reflexively headbutt those who attack you in melee.
You have a pair of horns on your head.


Message History

You block the orc warrior's attack.
You hit the orc warrior but do no damage.
Your headbutt misses the orc warrior.
The orc warrior is moderately wounded.
You hit the orc.
The orc warrior hits you with a dire flail!!
You hit the orc warrior.
The orc warrior is heavily wounded.
You hit the orc but do no damage. You block the orc's attack.
The orc warrior hits you from afar with a halberd!
* * * LOW HITPOINT WARNING * * *
You hit the orc warrior. Your headbutt misses the orc warrior.
The orc warrior is heavily wounded.
You barely miss the orc. You block the orc warrior's attack.
The orc hits you but does no damage. The orc warrior closely misses you.
You hit the orc warrior but do no damage.
The orc warrior is heavily wounded.
You hit the orc but do no damage.
The orc warrior hits you with a dire flail!!
You die...

####### # ......## .#
.......## ##### ..#
........# #...# oo.#
........###...## ##ooo.#
...............##oooooo#
................@o#
........###...#.#.#
.......###..........
.......# #....##.....#
............>.# .......
........#.#...# ####..#.
........#.##### #.#
....... # .. .......


You could see 2 orc warriors and 10 orcs.

Vanquished Creatures
  Pikel (D:8)
  The ghost of kirsanium the Charmwright, a novice GnSk of Fedhas (D:6)
  Psyche (D:8)
  Joseph (D:8)
  Maurice (D:8)
  Grinder (D:6)
  A hippogriff (D:7)
  A water moccasin (D:8)
  The ghost of pk666 the Magician, an amateur DEFE (D:5)
  An ice beast (D:5)
  3 orc warriors
  A sky beast (D:5)
  4 slaves (D:8)
  4 ogres
  3 phantoms
  3 bullfrogs
  2 water moccasin zombies (Ossuary)
  3 scorpions
  2 jellies (D:5)
  4 wights (D:7)
  7 howler monkeys
  4 crimson imps
  2 hounds
  2 orc priests
  A centaur skeleton (D:4)
  Ijyb (D:3)
  2 orc wizards (D:7)
  4 worker ants
  2 big kobold zombies (Ossuary)
  2 mummies (Ossuary)
  12 adders
  A shadow imp (D:7)
  An ooze (D:3)
  3 adder zombies (Ossuary)
  5 worms
  A dart slug (D:2)
  8 leopard geckos
  17 orcs
  2 ball pythons
  6 giant cockroaches
  7 goblins
  8 hobgoblins
  25 jackals
  7 quokkas
  5 bats
  4 frilled lizards
  A gnoll zombie (Ossuary)
  5 hobgoblin zombies (Ossuary)
  12 kobolds
  4 kobold zombies (Ossuary)
  A leopard gecko skeleton (D:8)
  4 orc zombies (Ossuary)
  5 rats
210 creatures vanquished.

Vanquished Creatures (others)
  A centaur (D:8)
1 creature vanquished.

Grand Total: 211 creatures vanquished

Notes
Turn   | Place    | Note
-------+----------+-------------------------------------------
     0 | D:1      | Hebeh the Minotaur Fighter began the quest for the Orb.
     0 | D:1      | Reached XP level 1. HP: 19/19 MP: 0/0
    43 | D:1      | Reached XP level 2. HP: 22/27 MP: 1/1
    53 | D:1      | Reached skill level 3 in Axes
   511 | D:1      | You fall through a shaft!
   520 | D:2      | Reached XP level 3. HP: 33/33 MP: 2/2
   685 | D:2      | Reached XP level 4. HP: 40/40 MP: 3/3
   890 | D:2      | Reached skill level 4 in Axes
  1883 | D:3      | Noticed Ijyb
  1898 | D:3      | Killed Ijyb
  1898 | D:3      | Reached XP level 5. HP: 26/47 MP: 4/4
  2417 | D:3      | Found a glowing golden altar of the Shining One.
  3018 | D:4      | Found a stormy altar of Qazlal.
  3042 | D:4      | Reached skill level 5 in Axes
  3116 | D:4      | Reached XP level 6. HP: 49/55 MP: 1/5
  3166 | D:4      | Found a white marble altar of Elyvilon.
  3244 | D:4      | Found a sparkling altar of Nemelex Xobeh.
  3291 | D:5      | Entered Level 5 of the Dungeon
  3412 | D:5      | Found a shimmering altar of Xom.
  3419 | D:5      | Reached skill level 5 in Fighting
  3419 | D:5      | Reached skill level 5 in Armour
  3419 | D:5      | Reached skill level 5 in Shields
  3444 | D:5      | Noticed a sky beast
  3454 | D:5      | Killed a sky beast
  3767 | D:5      | Noticed an ice beast
  3774 | D:5      | Killed an ice beast
  3774 | D:5      | Reached skill level 6 in Axes
  3774 | D:5      | Reached XP level 7. HP: 50/61 MP: 2/6
  4104 | D:5      | Found a runed door.
  4105 | D:5      | Noticed pk666's ghost (amateur DEFE)
  4212 | D:5      | Killed pk666's ghost
  4212 | D:5      | Reached skill level 7 in Axes
  4239 | D:6      | Found an ornate altar of the Wu Jian Council.
  4260 | D:6      | Noticed Grinder
  4279 | D:6      | Killed Grinder
  4279 | D:6      | Reached XP level 8. HP: 47/71 MP: 2/7
  4573 | D:6      | Found a runed gate.
  4573 | D:6      | Noticed kirsanium's ghost (novice GnSk)
  4574 | D:6      | Found a runed gate.
  4574 | D:6      | Found a runed gate.
  4722 | D:6      | Found a bloodstained altar of Trog.
  4722 | D:6      | Found a shadowy altar of Dithmenos.
  4726 | D:6      | Became a worshipper of Trog the Wrathful
  4785 | D:6      | Found a sand-covered staircase.
  4794 | Ossuary  | Entered an ossuary
  4913 | Ossuary  | Reached skill level 8 in Axes
  4999 | Ossuary  | Reached * piety under Trog
  5630 | D:6      | Killed kirsanium's ghost
  5630 | D:6      | Reached skill level 9 in Axes
  5630 | D:6      | Reached XP level 9. HP: 79/79 MP: 2/8
  6089 | D:7      | Reached skill level 10 in Axes
  6125 | D:7      | Paralysed by an orc for 4 turns
  6163 | D:7      | Reached ** piety under Trog
  6180 | D:7      | Found a staircase to the Ecumenical Temple.
  6815 | Temple   | Entered the Ecumenical Temple
  6990 | D:8      | Noticed Joseph
  7012 | D:8      | Killed Joseph
  7187 | D:8      | Noticed Maurice
  7209 | D:8      | Killed Maurice
  7209 | D:8      | Reached skill level 11 in Axes
  7209 | D:8      | Reached XP level 10. HP: 86/90 MP: 3/9
  7342 | D:8      | Found an ancient bone altar of Kikubaaqudgha.
  7348 | D:8      | Noticed Psyche
  7360 | D:8      | Killed Psyche
  7380 | D:8      | Noticed Pikel
  7409 | D:8      | Killed Pikel
  7522 | D:8      | Slain by an orc warrior

Vault maps used:
D:1:      tarquinn_simple_flora_water_f, nrook_mini_vaults, st_stairs_6,
          kennysheep_another_room, minmay_pentomino_u2
D:3:      tso_altar, uniq_ijyb
D:4:      grunt_qazlal_clouds, marbit_many_paths, nemelex_spade_bored_becter
D:5:      kennysheep_mini, first_ration, gammafunk_ghost_grave, abandoned_shop
D:6:      lemuel_crystal_altar, gammafunk_temple_overflow_elements,
          lightli_ossuary_entry_decrepit_ruins, gammafunk_ghost_split,
          uniq_grinder
D:7:      minmay_temple_entry_large_hall
D:8:      old_standard_altar, special_room, uniq_maurice, uniq_joseph,
          uniq_psyche, uniq_pikel
Temple:   nicolae_temple_great_sept
Ossuary:  ossuary_tomb_2

Skill      XL: |  1  2  3  4  5  6  7  8  9 10 |
---------------+-------------------------------+-----
Axes           | 3 4 5 6 7 9 11 | 11.7
Shields        | 4 5 6 7 8 9 |  9.1
Fighting       | 4 5 6 7 8 9 |  9.1
Armour         | 4 5 6 7 8 9 |  9.1

Action                   |  1- 3 |  4- 6 |  7- 9 | 10-12 || total
-------------------------+-------+-------+-------+-------++-------
Melee: War axe           |    73 |   118 |       |       ||   191
       Headbutt          |     9 |    29 |    59 |    16 ||   113
       Hand axe          |       |    67 |   381 |    83 ||   531
Invok: Berserk           |       |       |     2 |       ||     2
       Trog's Hand       |       |       |     1 |     1 ||     2
  Use: Scroll            |     1 |     2 |     7 |     1 ||    11
  Eat: Chunk             |       |     9 |     3 |     2 ||    14
       Ration            |       |       |     3 |       ||     3
Armor: Scale mail        |    44 |    68 |    92 |    12 ||   216
Dodge: Dodged            |    25 |    33 |    65 |    12 ||   135
Block: Shield            |    41 |   101 |   187 |    58 ||   387
       Reflection        |       |       |     1 |     3 ||     4

Table legend:
 A = Spawn XP
 B = Non-spawn XP
 C = Spawn XP percentage of total XP
 D = Spawn monster count
 E = Non-spawn monster count
 F = Spawn count percentage of total count
 G = Total turns spent on level
                    A         B        C        D         E        F      G
               +---------+---------+-------+---------+---------+-------+---------
         Total |       0 |    7511 |   0.0 |       0 |     207 |   0.0 |  7522
               +---------+---------+-------+---------+---------+-------+---------
           D:1 |       0 |      54 |   0.0 |       0 |      30 |   0.0 |  1123
           D:2 |       0 |     126 |   0.0 |       0 |      36 |   0.0 |   752
           D:3 |       0 |     131 |   0.0 |       0 |      19 |   0.0 |   978
           D:4 |       0 |      73 |   0.0 |       0 |       6 |   0.0 |   438
           D:5 |       0 |     881 |   0.0 |       0 |      17 |   0.0 |   948
           D:6 |       0 |    1341 |   0.0 |       0 |      13 |   0.0 |  1097
           D:7 |       0 |    1811 |   0.0 |       0 |      29 |   0.0 |  1198
           D:8 |       0 |    2822 |   0.0 |       0 |      34 |   0.0 |   552
       Ossuary |       0 |     272 |   0.0 |       0 |      23 |   0.0 |   352
               +---------+---------+-------+---------+---------+-------+---------
